 Dungeon Crawl Stone Soup version 0.29.0-4-gdea44cf6ec (webtiles) character file.

Game seed: 4149511169101500091

53 qw the Chopper (level 3, 0/21 HPs)
             Began as a Tengu Warper on Aug 29, 2022.
             Succumbed to an adder's poison
             ... on level 2 of the Dungeon.
             The game lasted 00:00:06 (1018 turns).

qw the Chopper (Tengu Warper)                       Turns: 1018, Time: 00:00:07

Health: 0/21       AC:  3    Str: 13    XL:     3   Next: 87%
Magic:  7/7        EV: 12    Int: 13    God:
Gold:   45         SH:  0    Dex: 13    Spells: 6/6 levels left

rFire   . . .      SeeInvis .   a - +0 hand axe
rCold   . . .      Faith    .   (no shield)
rNeg    . . .      Spirit   .   b - +0 leather armour
rPois   .          Reflect  .   (helmet restricted)
rElec   .          Harm     .   (no cloak)
rCorr   .          Rampage  .   (no gloves)
Will    .....                   (boots unavailable)
Stlth   +.........              (no amulet)
HPRegen 0.07/turn               (no ring)
MPRegen 0.10/turn               (no ring)

@: lethally poisoned (0 -> -3)
A: beak, talons 3
a: no special abilities


You were on level 2 of the Dungeon.
You visited 1 branch of the dungeon, and saw 2 of its levels.

You collected 45 gold pieces.


Innate Abilities, Weirdness & Mutations

You have a beak for a mouth.
You have claws for feet.


   Skills:
 - Level 2.0 Fighting
 + Level 4.5 Axes
 - Level 1.0 Throwing
 - Level 1.1 Armour
 - Level 2.1 Dodging
 - Level 2.0 Spellcasting
 - Level 2.4 Translocations


You had 6 spell levels left.
You didn't know any spells.
Your spell library contained the following spells:

 Spells                   Type           Power      Damage    Failure   Level
 Blink                    Tloc           14%        N/A       19%         2
 Gell's Gravitas          Tloc           7%         N/A       36%         3
 Lesser Beckoning         Tloc           7%         N/A       36%         3
 Teleport Other           Tloc           7%         N/A       36%         3
 Manifold Assault         Tloc           7%         N/A       98%         5

Inventory:

Hand Weapons
 a - a +0 hand axe (weapon)
 m - a +0 whip
Armour
 b - a +0 leather armour (worn)
 h - a +0 ring mail
 i - a +0 kite shield
Jewellery
 n - a ring of see invisible
Scrolls
 c - a scroll of blinking
 e - 2 scrolls of teleportation {unknown}
 f - a scroll of noise {unknown}
 g - a scroll of poison {unknown}
 j - a scroll of vulnerability {unknown}
 k - 3 scrolls of enchant weapon {unknown}
 l - 2 scrolls of identify {unknown}
Potions
 d - 2 potions of curing {unknown}

Dungeon Overview and Level Annotations

Branches:
Dungeon (1/15)

Altars:


Message History

Things that are here:
a +0 club; a quokka corpse
There is a stone staircase leading down here.
d - 2 yellow potions (gained 1)
A ball python comes into view.
You hit the ball python.
You kill the ball python!
l - 2 scrolls labelled JEQEOTTAEK (gained 1)
An adder comes into view.
The adder hisses angrily.
You hit the adder but do no damage. You claw the adder.
You peck the adder, but do no damage.
The adder is heavily wounded.
The adder bites you. x2
You are poisoned.
The adder poisons you!
You barely miss the adder. Your punch misses the adder.
The adder is heavily wounded.
You feel sick. The adder bites you.
You are lethally poisoned!
The adder poisons you!
You hit the adder.
The adder is almost dead.
You feel very sick.
The adder bites you but does no damage. x2
You barely miss the adder. Your peck misses the adder.
The adder is almost dead.
You feel very sick. The adder barely misses you.
You hit the adder.
You kill the adder!
You feel sick.
There is a lethal amount of poison in your body!
You feel sick.
There is a lethal amount of poison in your body!
You feel sick.
There is a lethal amount of poison in your body!
You feel sick.
There is a lethal amount of poison in your body!
You die...

#...#
#...#
#...#
##.##
#.#
#.#
#.#
#.#
#@#
#..#
##...
###..
...
.. .


There were no monsters in sight!

Vanquished Creatures
  2 adders (D:2)
  3 dart slugs
  3 ball pythons
  6 goblins
  A hobgoblin (D:2)
  5 quokkas
  4 bats
  2 frilled lizards (D:1)
  A kobold (D:1)
  2 rats
29 creatures vanquished.

Notes
Turn   | Place    | Note
-------+----------+-------------------------------------------
     0 | D:1      | qw the Tengu Warper began the quest for the Orb.
     0 | D:1      | Reached XP level 1. HP: 12/12 MP: 4/4
     0 | D:1      | 0 ||| qw: Version: 0.1-a-89-g26bdef1
     0 | D:1      | 0 ||| qw: Game counter: 3546
     0 | D:1      | 0 ||| qw: Always use a shield: true
     0 | D:1      | 0 ||| qw: God list: Okawaru
     0 | D:1      | 0 ||| qw: Allow faded altars: false
     0 | D:1      | 0 ||| qw: Do Orc after D:15 true
     0 | D:1      | 0 ||| qw: Do second Lair branch before Depths: true
     0 | D:1      | 0 ||| qw: Lair rune preference: random
     0 | D:1      | 0 ||| qw: Plans: Normal
     0 | D:1      | 0 ||| PLANNING D:1-11
    43 | D:1      | Found a faded altar of an unknown god.
    89 | D:1      | Reached XP level 2. HP: 17/17 MP: 6/6
   141 | D:1      | Reached skill level 3 in Axes
   622 | D:1      | You fall into a shaft and drop 1 floor!
   631 | D:2      | 631 ||| DROPPING +0 club.
   644 | D:2      | Reached XP level 3. HP: 17/21 MP: 7/7
   819 | D:2      | Reached skill level 4 in Axes
   917 | D:2      | 917 ||| Stepping ~*~*~tactically~*~*~ (stealth).
  1014 | D:2      | HP: 4/21 [poisoned by an adder]
  1017 | D:2      | HP: 1/21 [poisoned by an adder]
  1018 | D:2      | Succumbed to an adder's poison

Levels and vault maps discovered:
D:1:      mrwooster_arrival_statue_3, layout_loops_cross,
          dreamdust_ecumenical_altar_statues, minmay_cut_off
D:2:      layout_basic

Skill      XL: |  1  2  3 |
---------------+----------+-----
Axes           | 3 4 |  4.5
Fighting       | |  2.0
Throwing       | |  1.0
Armour         | |  1.1
Dodging        | |  2.1
Spellcasting   | |  2.0
Translocations | |  2.4

Action                   || total
-------------------------++-------
Melee: Hand axe          ||    56
       Kick              ||    12
       Peck              ||     8
Throw: Boomerang         ||     7
Armor: Leather armour    ||    16
Dodge: Dodged            ||    45

Table legend:
 A = Non-vault XP
 B = Vault XP
 C = Vault XP percentage of total XP
 D = Non-vault monster count
 E = Vault monster count
 F = Vault count percentage of total count
                 A         B        C        D         E       F
            +---------+---------+-------+---------+---------+-------
      Total |      74 |       2 |   2.6 |      28 |       1 |   3.4
            +---------+---------+-------+---------+---------+-------
        D:1 |      22 |       2 |   8.3 |      12 |       1 |   7.7
        D:2 |      52 |       0 |   0.0 |      16 |       0 |   0.0
            +---------+---------+-------+---------+---------+-------
